 Dungeon Crawl Stone Soup version 0.22-a0-525-gf69a080 (webtiles) character file.

421 pk666 the Magician (level 6, 0/32 HPs)
             Began as a Deep Elf Fire Elementalist on June 22, 2018.
             Was a Follower of Vehumet.
             Killed by divine providence
             ... invoked by an orc priest
              (13 damage)
             ... on level 4 of the Dungeon.
             The game lasted 00:08:18 (3446 turns).

pk666 the Magician (Deep Elf Fire Elementalist)     Turns: 3446, Time: 00:08:18

Health: 0/32       AC:  3    Str:  5    XL:     6   Next: 62%
Magic:  14/16      EV: 13    Int: 22    God:    Vehumet [*.....]
Gold:   106        SH:  0    Dex: 15    Spells: 7/15 levels left

rFire    + . .     SeeInvis .   (no weapon)
rCold    x . .     Gourm    .   (no shield)
rNeg     . . .     Faith    .   a - +0 robe
rPois    .         Spirit   .   (no helmet)
rElec    .         Reflect  .   (no cloak)
rCorr    .         Harm     .   l - +0 pair of gloves
MR       .....                  (no boots)
Stlth    ++........             (no amulet)
HPRegen  0.10/turn              i - ring of fire
MPRegen  0.15/turn              (no ring)

@: no status effects
A: no striking features
a: Renounce Religion


You were on level 4 of the Dungeon.
You worshipped Vehumet.
Vehumet was aware of your devotion.
You were hungry.

You visited 1 branch of the dungeon, and saw 4 of its levels.

You collected 191 gold pieces.
You spent 85 gold pieces at shops.

Inventory:

Armour
 a - a +0 robe (worn)
 l - a +0 pair of gloves (worn)
Jewellery
 i - a ring of fire (left hand)
 u - a cursed -3 ring of intelligence {unknown}
Scrolls
 b - 4 scrolls of remove curse {unknown}
 d - a scroll of fog {unknown}
 f - 6 scrolls of identify
 g - a scroll of random uselessness {unknown}
 k - 5 scrolls of teleportation {unknown}
 n - 2 scrolls of magic mapping {unknown}
 q - 2 scrolls of amnesia
Potions
 e - 3 potions of curing
 h - 2 potions of mutation {unknown}
 j - a potion of resistance {unknown}
 m - a potion of brilliance {unknown}
 p - a potion of magic {unknown}
 r - a potion of haste {unknown}
 s - a potion of flight {unknown}
 t - a potion of invisibility {unknown}
Comestibles
 c - 7 rations


   Skills:
 - Level 2.4 Dodging
 - Level 2.4 Stealth
 + Level 5.3 Spellcasting
 * Level 5.3 Conjurations
 + Level 5.0 Fire Magic


You had 7 spell levels left.
You knew the following spells:

 Your Spells              Type           Power        Failure   Level  Hunger
a - Flame Tongue          Conj/Fire      #####        1%          1    None
b - Sticky Flame          Conj/Fire      #####...     12%         4    ####...
c - Conjure Flame         Conj/Fire      #####...     3%          3    ##.....

Your spell library contained the following spells:

 Spells                   Type           Power        Failure   Level  Hunger
 Fireball                 Conj/Fire      #####.....   32%         5    #####..
 Throw Flame              Conj/Fire      #####.       1%          2    None
 Inner Flame              Hex/Fire       ####....     11%         3    ##.....


Dungeon Overview and Level Annotations

Branches:
Dungeon (4/15)
 Temple: D:4-7

Altars:
Elyvilon
Fedhas
Kikubaaqudgha
Nemelex Xobeh
Ru
Vehumet

Shops:
D:4 *

Annotations:
D:3 1 runed door, Torious's ghost, amateur DECj


Message History

An orc wizard comes into view. It is wielding a dagger. x2
The orc priest invokes the aid of Beogh against you.
Beogh smites you!
Casting: Flame Tongue (safe; 1% risk of failure)
Confirm with . or Enter, or press ? or * to list all spells.
Aiming: Flame Tongue (safe; 1% risk of failure)
Press: ? - help, Shift-Dir - straight line, f - goblin
Aim: a goblin You feel a surge of power!
The flame tongue misses the goblin.
The hobgoblin shouts!
The orc wizard shouts!
You are feeling hungry.
You hear a shout! x2
An orc comes into view. It is wielding a mace.
You hear a shout!
You hear a shout!
The orc wizard gestures at you while chanting.
The magic dart hits you!
The orc priest invokes the aid of Beogh against you.
Beogh smites you!
You die...

......<.......#
..............#
..............#+###### g
##...................###..
.#........................
.######................o..
.# #..)..........g...o. .#
#................... .#
#.........@......o.. ##
####................o..
#...)#'##############.. .
#....#...# .. #....#...#
.. #....#...# #....#...#
#....##### ......


You could see an orc priest, 2 orc wizards and a goblin.

Vanquished Creatures
  Edmund (D:4)
  A centaur skeleton (D:4)
  An orc wizard (D:4)
  A worker ant (D:4)
  A gnoll (D:1)
  A howler monkey skeleton (D:4)
  8 adders
  An ooze (D:1)
  4 worms
  5 dart slugs
  4 leopard geckos
  9 orcs
  2 ball pythons
  9 bats
  4 giant cockroaches
  12 goblins
  9 hobgoblins
  6 jackals
  4 frilled lizards
  14 kobolds
  7 rats
104 creatures vanquished.

Notes
Turn   | Place    | Note
-------+----------+-------------------------------------------
     0 | D:1      | pk666 the Deep Elf Fire Elementalist began the quest for the Orb.
     0 | D:1      | Reached XP level 1. HP: 10/10 MP: 6/6
   144 | D:1      | Reached XP level 2. HP: 7/15 MP: 2/8
   328 | D:1      | Reached XP level 3. HP: 19/19 MP: 3/10
  1265 | D:2      | Reached XP level 4. HP: 24/24 MP: 9/11
  1282 | D:2      | Learned a level 4 spell: Sticky Flame
  1286 | D:2      | Learned a level 3 spell: Conjure Flame
  1547 | D:2      | Found an ancient bone altar of Kikubaaqudgha.
  1919 | D:2      | Reached XP level 5. HP: 28/28 MP: 11/13
  2120 | D:3      | Found a sacrificial altar of Ru.
  2120 | D:3      | Found a sparkling altar of Nemelex Xobeh.
  2120 | D:3      | Found a white marble altar of Elyvilon.
  2120 | D:3      | Found a blossoming altar of Fedhas.
  2134 | D:3      | Found a radiant altar of Vehumet.
  2196 | D:3      | Became a worshipper of Vehumet
  2616 | D:3      | Found a sacrificial altar of Ru.
  2693 | D:3      | Found a runed door.
  2693 | D:3      | Noticed Torious's ghost (amateur DECj)
  2694 | D:3      | Found the +4 Vampire's Tooth {vamp}
  2883 | D:4      | Reached * piety under Vehumet
  2883 | D:4      | Offered knowledge of Sandblast by Vehumet.
  3140 | D:4      | Noticed Edmund
  3159 | D:4      | Killed Edmund
  3159 | D:4      | Reached skill level 5 in Spellcasting
  3159 | D:4      | Reached skill level 5 in Conjurations
  3159 | D:4      | Reached XP level 6. HP: 32/32 MP: 1/15
  3288 | D:4      | Found Jiucefyu's General Store.
  3292 | D:4      | Bought a scroll of amnesia for 35 gold pieces
  3292 | D:4      | Bought a scroll of identify for 20 gold pieces
  3292 | D:4      | Bought a potion of curing for 30 gold pieces
  3390 | D:4      | Reached skill level 5 in Fire Magic
  3446 | D:4      | Killed from afar by an orc priest

Vault maps used:
D:1:      lemuel_arrival_funnel, minivault_25, minmay_misc_feat_secret_circle,
          minmay_split_cup_large
D:2:      marbit_many_paths, minmay_small_reverse_x
D:3:      grunt_temple_overflow_open, ebering_ghost_inner_flame,
          nicolae_ru_the_path_less_chosen
D:4:      serial_shops, shop, corexii_hall_statues_s, uniq_edmund, uniq_robin

Skill      XL: |  1  2  3  4  5  6 |
---------------+-------------------+-----
Conjurations   | 2 3 5 |  5.3
Fire Magic     | 4 5 |  5.0
Spellcasting   | 4 5 |  5.3
Dodging        | |  2.4
Stealth        | |  2.4

Action                   |  1- 3 |  4- 6 || total
-------------------------+-------+-------++-------
Melee: Unarmed           |     4 |     2 ||     6
 Cast: Flame Tongue      |    80 |   123 ||   203
       Conjure Flame     |       |     1 ||     1
  Eat: Chunk             |     1 |     6 ||     7
Armor: Robe              |    14 |     6 ||    20
Dodge: Dodged            |    50 |    20 ||    70

Table legend:
 A = Spawn XP
 B = Non-spawn XP
 C = Spawn XP percentage of total XP
 D = Spawn monster count
 E = Non-spawn monster count
 F = Spawn count percentage of total count
 G = Total turns spent on level
                    A         B        C        D         E        F      G
               +---------+---------+-------+---------+---------+-------+---------
         Total |       0 |     602 |   0.0 |       0 |     104 |   0.0 |  3446
               +---------+---------+-------+---------+---------+-------+---------
           D:1 |       0 |      83 |   0.0 |       0 |      37 |   0.0 |  1132
           D:2 |       0 |     116 |   0.0 |       0 |      32 |   0.0 |   990
           D:3 |       0 |      94 |   0.0 |       0 |      25 |   0.0 |   736
           D:4 |       0 |     309 |   0.0 |       0 |      10 |   0.0 |   588
               +---------+---------+-------+---------+---------+-------+---------
